AoeStats
← Scarecrow

Arabia

510092105Analyzed
2v2 RM · 4d ago on Sep 29, 2026· 44m 20s· 4 players
Game mode
Random Map
Map size
Medium (4 player)
Population
200
Speed
Normal
Resources
Standard
Victory
Conquest
Starting age
Dark Age
Ending age
Imperial Age
RankedLock teamsTeams togetherTeam positionsShared explorationLock speedFull tech treeHidden civsTurbo modeCheats
Victory
Defeat
🇦🇺 Mongols · Australia
998
+16
🇰🇷 Franks · South Korea
955
+47
🇹🇼 Magyars · Taiwan
987
-16
🇹🇼 Danes · Taiwan
983
-16
Raznaz
10:12 Feudal Age
8:29 Loom
11:22 Double-Bit Axe
11:18 Horse Collar
20:24 Castle Age
18:59 Gold Mining
20:09 Forging
21:46 Scale Barding Armor
22:52 Bow Saw
24:16 Bloodlines
27:39 Iron Casting
27:22 Heavy Plow
28:08 Stone Mining
31:02 Chain Barding Armor
35:01 Wheelbarrow
39:25 Imperial Age
37:14 Hand Cart
39:39 Elite Steppe Lancer
41:46 Blast Furnace
41:14 Husbandry
40:58 Light Cavalry
41:31 Fletching
42:52 Elite Mangudai
44:10 Thumb Ring
43:26 Heavy Cavalry Archer
44:03 Bodkin Arrow
44:08 Padded Archer Armor
45:08 Gold Shaft Mining
44:23 Stone Mining
Scarecrow
10:39 Feudal Age
10:16 Loom
14:26 Double-Bit Axe
17:01 Wheelbarrow
21:07 Castle Age
19:17 Scale Mail Armor
19:12 Gold Mining
20:10 Forging
21:17 Elite Skirmisher
23:06 Scale Barding Armor
25:07 Pikeman
28:21 Iron Casting
29:23 Stone Mining
32:41 Hand Cart
34:48 Chain Barding Armor
39:33 Imperial Age
36:51 Town Watch
38:49 Gold Shaft Mining
41:02 Bow Saw
40:56 Town Patrol
40:28 Cranequins
40:41 Heavy Mounted Crossbowman
41:25 Fletching
41:36 Padded Archer Armor
41:55 Cavalier
雷孟
8:53 Loom
11:29 Feudal Age
11:38 Man-at-Arms
15:21 Double-Bit Axe
16:18 Horse Collar
22:14 Castle Age
21:33 Scale Mail Armor
23:46 Long Swordsman
23:51 Pikeman
25:02 Heavy Plow
28:02 Bloodlines
27:13 Light Cavalry
33:20 Corvinian Army
34:03 Bow Saw
37:06 Scale Barding Armor
45:42 Imperial Age
Tapiru
5:07 Loom
9:13 Feudal Age
10:24 Double-Bit Axe
12:37 Horse Collar
14:29 Fletching
18:50 Town Watch
19:28 Padded Archer Armor
22:54 Castle Age
21:42 Forging
21:32 Scale Mail Armor
22:09 Gold Mining
22:33 Arson
24:36 Chain Mail Armor
28:35 Squires
30:55 Gold Shaft Mining
32:47 Stone Mining
36:12 Bow Saw
38:44 Pikeman
Connection lost

Rejoining the realm…

Still unreachable

The connection could not be restored.

Session expired

The server has moved on; the page needs a fresh start.